 Dungeon Crawl Stone Soup version 0.26.1-11-gd32895ea62 (webtiles) character file.

Game seed: 11825845797939722506

340 Acheron the Skirmisher (level 6, -3/41 HPs)
             Began as a Gargoyle Wanderer on July 6, 2021.
             Killed from afar by an orc wizard (8 damage)
             ... with a magic dart
             ... on level 6 of the Dungeon.
             The game lasted 00:24:01 (3770 turns).

Acheron the Skirmisher (Gargoyle Wanderer)          Turns: 3770, Time: 00:24:02

Health: -3/41      AC: 11    Str: 16    XL:     6   Next: 56%
Magic:  7/7        EV: 10    Int: 12    God:
Gold:   123        SH:  0    Dex: 11    Spells: 7/7 levels left

rFire    . . .     SeeInvis .   s - +0 rapier
rCold    . . .     Faith    .   (no shield)
rNeg     + . .     Spirit   .   r - +0 ring mail
rPois    ∞         Reflect  .   (no helmet)
rElec    +         Harm     .   (no cloak)
rCorr    .         Rampage  .   x - +0 pair of gloves (curse)
Will     .....                  (no boots)
Stlth    +.........             (no amulet)
HPRegen  0.13/turn              (no ring)
MPRegen  0.10/turn              (no ring)

@: hasted, very quick
A: negative energy resistance 1, electricity resistance, unbreathing,
petrification resistance, miasma immunity, AC +4
a: no special abilities


You were on level 6 of the Dungeon.
You visited 1 branch of the dungeon, and saw 6 of its levels.
You also visited: Sewer.

You collected 123 gold pieces.

Inventory:

Hand Weapons
 a - a +2 hand crossbow
 c - a +0 mace
 e - a +0 short sword
 j - a +0 antimagic flail
 s - a +0 rapier (weapon)
Missiles
 b - 17 bolts
 d - 24 poisoned darts
 l - 27 stones
 o - 2 boomerangs (quivered)
Armour
 r - a +0 ring mail (worn)
 x - a cursed +0 pair of gloves (worn)
Jewellery
 m - an uncursed amulet of guardian spirit {unknown}
 v - a +4 ring of slaying {unknown}
Scrolls
 u - 2 scrolls of amnesia
Potions
 f - a potion of berserk rage {unknown}
 g - 2 potions of brilliance {unknown}
 h - 5 potions of flight {unknown}
 i - 2 potions of attraction {unknown}
 k - 2 potions of heal wounds {unknown}
 n - a potion of haste
 p - a potion of curing {unknown}
 q - 2 potions of resistance {unknown}


   Skills:
 * Level 6.2 Fighting
 + Level 0.2 Short Blades
 * Level 2.7 Maces & Flails
 * Level 3.2 Crossbows
 * Level 1.3 Throwing
 * Level 2.8 Armour
 * Level 1.2 Dodging
 * Level 2.4 Stealth
 * Level 1.1 Spellcasting


You had 7 spell levels left.
You didn't know any spells.
Your spell library was empty.

Dungeon Overview and Level Annotations

Branches:
Dungeon (6/15)              Sewer (visited)
 Temple: D:4-7

Altars:
Nemelex Xobeh
Yredelemnul


Innate Abilities, Weirdness & Mutations

You are resistant to torment.
Your stone body is resilient. (AC +4)
You are immune to poison.
You resist negative energy. (rN+)
You are resistant to electric shocks. (rElec)
You can survive without breathing.
You are immune to petrification.
You are immune to miasma.


Message History

You miss the hound. The hound bites you but does no damage.
The hound closely misses you.
You feel yourself speed up. The hound bites you.
You hit the hound.
The hound is lightly wounded.
The hound misses you.
You puncture the hound!
The hound is severely wounded.
The hound barely misses you.
The orc priest invokes the aid of Beogh against you.
Beogh smites you!
* * * LOW HITPOINT WARNING * * *
The hound bites you but does no damage.
The orc wizard casts a spell.
The orc wizard blinks!
The orc wizard casts a spell.
The orc wizard blinks!
The orc wizard casts a spell at you. The magic dart hits you!
You die...

.≈≈≈≈≈≈≈≈(###
##S#
#≈≈≈≈≈≈≈#.#
#.##
..≈≈≈≈≈...#
##S#
..#...#..##
#..#
........##
#.##
..÷..####
##.# ######
#oh# #.## #@#
#.## #. ..
#.# #. .# .


You could see a water moccasin, a hound and an orc wizard (fast).

Vanquished Creatures
  A big kobold (Sewer)
  A bullfrog (D:3)
  A worker ant zombie (D:2)
  6 adders
  3 gnolls (D:3)
  2 river rats (Sewer)
  A shadow imp (D:6)
  An ufetubus (D:6)
  An adder zombie (D:3)
  An ooze (D:3)
  A worm (D:2)
  A dart slug (D:2)
  3 leopard geckos
  An orc (D:3)
  2 ball pythons
  A giant cockroach (D:3)
  9 goblins
  5 hobgoblins
  4 jackals
  7 kobolds
  4 quokkas
  4 bats
  11 frilled lizards
  A quokka skeleton (D:5)
  11 rats
  A spectral orc (D:2)
84 creatures vanquished.

Notes
Turn   | Place    | Note
-------+----------+-------------------------------------------
     0 | D:1      | Acheron the Gargoyle Wanderer began the quest for the Orb.
     0 | D:1      | Acheron set off with the following items: a +2 hand
                  | crossbow, 25 bolts, a +0 mace, 10 poisoned darts, a +0
                  | dagger, a +0 robe
     0 | D:1      | Reached XP level 1. HP: 16/16 MP: 1/1
   111 | D:1      | Reached XP level 2. HP: 20/21 MP: 2/2
   683 | D:1      | Reached XP level 3. HP: 16/27 MP: 3/3
  1391 | D:2      | Reached XP level 4. HP: 30/32 MP: 4/4
  1825 | D:2      | Found a basalt altar of Yredelemnul.
  2249 | D:3      | Found a sparkling altar of Nemelex Xobeh.
  2259 | D:3      | Reached skill level 1 in Maces & Flails
  2344 | D:3      | Reached skill level 6 in Fighting
  2524 | D:3      | Reached XP level 5. HP: 33/36 MP: 6/6
  2664 | D:3      | Reached skill level 1 in Dodging
  3038 | D:3      | Reached skill level 1 in Spellcasting
  3038 | D:3      | Reached XP level 6. HP: 30/41 MP: 7/7
  3221 | D:5      | Entered Level 5 of the Dungeon
  3295 | D:6      | Found a glowing drain.
  3323 | D:6      | Noticed a water moccasin
  3325 | Sewer    | Entered a sewer
  3625 | Sewer    | Found a white marble altar of Elyvilon.
  3770 | D:6      | Killed from afar by an orc wizard

Illustrated notes

Levels and vault maps discovered:
D:1:      tarquinn_simple_flora_water_a, layout_rooms,
          amcnicky_mini_rare_corridor_liquid, roderic_nine_men_s_morris
D:2:      layout_basic, yredelemnul_forgotten_temple_becter
D:3:      layout_loops_corners, nemelex_xobeh_ov_fountains_minmay
D:4:      layout_basic, temple_hall, uniq_menkaure
D:5:      layout_loops_ring, nicolae_alphabet_shops, minmay_door_square
D:6:      layout_cave_pods, serial_shops, nicolae_shop_behind_doors,
          cheibrodos_sewer_entry_drain, minmay_holes, uniq_edmund

Skill      XL: |  1  2  3  4  5 |
---------------+----------------+-----
Crossbows      | 2 3 |  3.2
Maces & Flails | 1 2 |  2.7
Fighting       | 6 |  6.2
Dodging        | 1 |  1.2
Stealth        | 2 |  2.4
Spellcasting   | 1 |  1.1
Short Blades   | |  0.2
Throwing       | |  1.3
Armour         | |  2.8

Action                   |  1- 3 |  4- 6 || total
-------------------------+-------+-------++-------
Melee: Mace              |    22 |   176 ||   198
       Rapier            |       |    34 ||    34
 Fire: Hand crossbow     |    78 |     2 ||    80
Throw: Dart              |       |     4 ||     4
       Boomerang         |       |     5 ||     5
  Use: Scroll            |       |     7 ||     7
       Potion            |       |     1 ||     1
Armor: Robe              |    16 |       ||    16
       Ring mail         |     9 |   132 ||   141
Dodge: Dodged            |    38 |   146 ||   184
